Match 47174790
Unlisted

Match 47174790
End
Selects Australian Defense Battlegroup
Selects Australian Light Infantry Section
Australian Light Infantry Section
Australian Light Infantry Section
Australian Light Infantry Section
Construct Section Command Post
Construct Section Command Post
Construct Platoon Command Post
Construct Field Infirmary
Selects 2-pounder Anti-tank Gun Team
Infantry Training
2-pounder Anti-tank Gun Team
Unlock Bishop Self-propelled Artillery
Bishop Self-propelled Artillery
Selects Vehicle Over Repair
Bishop Self-propelled Artillery
Light Vehicle Training
CPU - Very Easy
Barbarossa
PutPut-AutistInPerfection
HELP ME
0
0

Comments sign in to comment!

No comments posted yet!